 Dungeon Crawl Stone Soup version 0.31.0-9-g3a7656b989 (webtiles) character file.

Game seed: 11617446821544984764

754 qw the Skirmisher (level 7, -1/40 HPs)
             Began as a Deep Elf Hunter on Feb 2, 2024.
             Was a Follower of Okawaru.
             Killed from afar by an orc wizard (4 damage)
             ... with a puff of flame
             ... on level 5 of the Dungeon.
             The game lasted 00:00:12 (2968 turns).

qw the Skirmisher (Deep Elf Hunter)                 Turns: 2968, Time: 00:00:12

Health: -1/40      AC:  5    Str: 15    XL:     7   Next: 49%
Magic:  9/9        EV: 17    Int: 14    God:    Okawaru [*.....]
Gold:   210        SH:  0    Dex: 18    Spells: 6/6 levels left

rFire   + . .        i - +3 hand cannon (elec)
rCold   + . .        (no shield)
rNeg    . . .        g - +0 ring mail
rPois   +            (no helmet)
rElec   .            a - scarf of the Six Emperors {rC+ rF+, Rampage rPois Str+5 Stlth-}
rCorr   .            (no gloves)
SInv    .            (no boots)
Will    .....        (no amulet) Stlth
                     f - +5 ring of evasion
HPRegen 0.26/turn    (no ring)
MPRegen 0.11/turn

%: rampage
@: no status effects
A: no striking features
a: Renounce Religion, Heroism


You were on level 5 of the Dungeon.
You worshipped Okawaru.
Okawaru was aware of your devotion.
You visited 2 branches of the dungeon, and saw 6 of its levels.

You collected 210 gold pieces.


   Skills:
 - Level 2.0 Fighting
 + Level 11.3 Ranged Weapons
 - Level 4.0 Dodging
 - Level 1.2 Stealth
 + Level 0.5 Invocations


You had 6 spell levels left.
You didn't know any spells.
Your spell library was empty.

Inventory:

Hand Weapons
 i - a +3 hand cannon of electrocution (weapon)
Armour
 a - the scarf of the Six Emperors (worn) {rC+ rF+, Rampage rPois Str+5 Stlth-}
   (You acquired it on level 2 of the Dungeon)

   Str+5:     It affects your strength (+5).
   rPois:     It protects you from poison Rampage: It bestows one free step when
   moving towards enemies.
   Stlth-:    It makes you less stealthy.
 g - a +0 ring mail (worn)
Jewellery
 c - a ring of poison resistance
 f - a +5 ring of evasion (left hand)
Wands
 j - a wand of flame (23)
Potions
 e - a potion of might
 h - 3 potions of curing

Dungeon Overview and Level Annotations

Branches:
Dungeon (5/15)             Temple (1/1) D:4

Altars:
Cheibriados
Fedhas
Gozag
Hepliaklqana
Kikubaaqudgha
Makhleb
Nemelex Xobeh
Okawaru
Ru
Sif Muna
Trog
Uskayaw
Vehumet
Wu Jian
Xom
Yredelemnul
Zin
The Shining One

Shops:
D:1 :

Annotations:
D:3 3 runed translucent doors, qw's ghost, amateur DEHu


Message History

You hear a shout!
The orc wizard gestures wildly while chanting.
The orc wizard flickers and vanishes!
Deactivating autopickup; reactivate with Ctrl-A.
The ufetubus closely misses you.
The ufetubus hits you but does no damage.
An orc priest comes into view. It is wielding a +0 hand axe.
You shoot a bolt. The bolt hits the ufetubus!
Lightning courses through the ufetubus!
You kill the ufetubus!
Okawaru accepts your kill.
You shoot a bolt. The bolt barely misses the ufetubus.
You hear a shout!
An orc comes into view. It is wielding a +0 flail.
The ufetubus misses you. x2
You shoot a bolt. The bolt hits the ufetubus.
Lightning courses through the ufetubus!
You kill the ufetubus!
Okawaru accepts your kill.
The orc priest mumbles some strange prayers to Beogh against you.
Beogh smites you!
You shoot a bolt. The bolt hits the orc priest.
Lightning courses through the orc priest!
The orc priest is severely wounded.
The orc priest looks satisfied for a moment.
You shoot a bolt. The bolt closely misses the orc priest.
Something hits you but does no damage.
The orc priest calls down the wrath of Beogh upon you.
Beogh smites you!
You hear some strange, mumbled words.
A puff of flame appears from out of thin air!
The puff of flame hits you. You resist.
The orc priest mumbles some strange prayers to Beogh against you.
Beogh smites you!
You shoot a bolt. You shoot a bolt. The bolt barely misses the orc.
You hear some strange, mumbled words.
A puff of flame appears from out of thin air!
The puff of flame hits you. You resist.
You die...

..............#
########.......# ?.....#
.....(.......... ......#
......##.......# ...)..#
......##.......# ......#
......##.......# ......#
......##.......# o......
.....%###########o....##
...............0@{......
......###########0....##
...%..# .....# ......#
###### ......# ......#
......# ######


You could see an orc priest and an orc.

Vanquished Creatures
  Sigmund (D:3)
  Menkaure (D:5)
  An ogre (D:4)
  A scorpion (D:5)
  A hound (D:5)
  A gnoll bouda (D:5)
  2 iguanas
  2 orc wizards (D:5)
  5 gnolls (D:5)
  3 adders
  A white imp (D:5)
  2 ufetubi (D:5)
  3 dart slugs
  2 ribbon worms
  11 orcs
  9 endoplasms
  5 giant cockroaches
  6 goblins
  6 hobgoblins
  5 jackals
  5 kobolds
  4 quokkas
  4 ball pythons
  8 bats
  A frilled lizard (D:3)
  9 rats
99 creatures vanquished.

Notes
Turn   | Place    | Note
-------+----------+-------------------------------------------
     0 | D:1      | qw the Deep Elf Hunter began the quest for the Orb.
     0 | D:1      | Reached XP level 1. HP: 12/12 MP: 3/3
     0 | D:1      | 0 ||| qw: Version: 0.3-a-155-g5e7d8dd
     0 | D:1      | 0 ||| qw: Game counter: 1035
     0 | D:1      | 0 ||| qw: Melee chars always use a shield: true
     0 | D:1      | 0 ||| qw: God list: Okawaru
     0 | D:1      | 0 ||| qw: Allow faded altars: false
     0 | D:1      | 0 ||| qw: Do Orc after clearing Dungeon:15 true
     0 | D:1      | 0 ||| qw: Do second Lair branch before Depths: true
     0 | D:1      | 0 ||| qw: Lair rune preference: random
     0 | D:1      | 0 ||| qw: Goals: Normal
     0 | D:1      | 0 ||| PLANNING D:1-11
   193 | D:1      | Reached XP level 2. HP: 16/16 MP: 4/4
   196 | D:1      | Reached skill level 6 in Ranged Weapons
   539 | D:1      | Found Soben's Book Boutique.
   774 | D:1      | 774 ||| UPGRADING to +0 ring mail.
   784 | D:1      | 784 ||| DROPPING +0 leather armour.
   785 | D:1      | 785 ||| READING scroll labelled ZIALOLELUKK.
   786 | D:1      | 786 ||| READING scroll labelled PIEKI OWIOXT.
   786 | D:1      | 786 ||| IDENTIFYING sedimented cyan potion
   787 | D:1      | 787 ||| DROPPING scroll of butterflies.
   844 | D:2      | Reached XP level 3. HP: 19/20 MP: 5/5
   890 | D:2      | Identified the +4 sling "Xoina" {drain, rCorr Int+2}
   892 | D:2      | 892 ||| SWAPPING to +4 sling "Xoina" {drain, rCorr Int+2}.
   966 | D:2      | Reached skill level 7 in Ranged Weapons
  1193 | D:2      | 1193 ||| READING 2 scrolls labelled JIEMUNIAHOENN.
  1193 | D:2      | Identified 2 scrolls of acquirement
  1193 | D:2      | 1193 ||| ACQUIRING +3 hand cannon of electrocution
  1193 | D:2      | Acquired a +3 hand cannon of electrocution
  1195 | D:2      | 1195 ||| SWAPPING to +3 hand cannon of electrocution.
  1196 | D:2      | 1196 ||| DROPPING +0 shortbow.
  1197 | D:2      | 1197 ||| DROPPING +4 sling "Xoina" {drain, rCorr Int+2}.
  1198 | D:2      | 1198 ||| READING scroll of acquirement.
  1198 | D:2      | 1198 ||| ACQUIRING scarf of the Six Emperors {rC+ rF+,
                  | Rampage rPois Str+5 Stlth-}
  1198 | D:2      | Acquired the scarf of the Six Emperors {rC+ rF+, Rampage
                  | rPois Str+5 Stlth-}
  1200 | D:2      | 1200 ||| UPGRADING to scarf of the Six Emperors {rC+ rF+,
                  | Rampage rPois Str+5 Stlth-}.
  1205 | D:2      | 1205 ||| READING scroll labelled RATENTUL BUC NIA.
  1258 | D:3      | Found a glowing silver altar of Zin.
  1262 | D:3      | Found a sparkling altar of Nemelex Xobeh.
  1278 | D:3      | Found an ancient bone altar of Kikubaaqudgha.
  1281 | D:3      | Found a basalt altar of Yredelemnul.
  1382 | D:3      | Found a runed translucent gate.
  1382 | D:3      | Found a runed translucent gate.
  1383 | D:3      | Found a runed translucent gate.
  1385 | D:3      | Noticed qw's ghost (amateur DEHu)
  1410 | D:3      | Noticed Sigmund
  1411 | D:3      | 1411 ||| DRINKING potion of haste.
  1415 | D:3      | Killed Sigmund
  1416 | D:3      | Reached skill level 9 in Ranged Weapons
  1416 | D:3      | Reached XP level 4. HP: 25/25 MP: 6/6
  1416 | D:3      | Reached XP level 5. HP: 29/29 MP: 7/7
  1896 | D:3      | 1896 ||| UPGRADING to +5 ring of evasion.
  1897 | D:3      | 1897 ||| READING scroll of identify.
  1897 | D:3      | 1897 ||| IDENTIFYING viscous clear potion
  1898 | D:3      | 1898 ||| DRINKING 2 black potions.
  1933 | D:4      | Noticed an ogre
  1934 | D:4      | 1934 ||| STAIRDANCE
  1968 | D:4      | Killed an ogre
  1969 | D:4      | Reached skill level 3 in Dodging
  1969 | D:4      | Reached XP level 6. HP: 35/35 MP: 8/8
  2322 | D:4      | Found a staircase to the Ecumenical Temple.
  2323 | D:4      | 2323 ||| PLANNING TEMPLE
  2323 | D:4      | 2323 ||| READING scroll of identify.
  2323 | D:4      | 2323 ||| IDENTIFYING dark potion
  2324 | D:4      | 2324 ||| READING scroll labelled PANINIS REBRE.
  2331 | Temple   | Entered the Ecumenical Temple
  2332 | Temple   | 2332 ||| PLANNING OKAWARU WORSHIP
  2344 | Temple   | Became a worshipper of Warmaster Okawaru
  2345 | Temple   | 2345 ||| PLANNING D:1-11
  2579 | D:5      | Entered Level 5 of the Dungeon
  2627 | D:5      | HP: 3/35 [gnoll/+0 halberd[a gnoll bouda] (9)]
  2628 | D:5      | 2628 ||| DRINKING potion of heal wounds.
  2631 | D:5      | Reached skill level 10 in Ranged Weapons
  2713 | D:5      | Reached XP level 7. HP: 38/40 MP: 9/9
  2732 | D:5      | Noticed Menkaure
  2741 | D:5      | HP: 9/40 [orc/+0 dagger (3)]
  2745 | D:5      | Killed Menkaure
  2746 | D:5      | Reached skill level 11 in Ranged Weapons
  2746 | D:5      | HP: 5/40 [something (1)]
  2878 | D:5      | Reached * piety under Okawaru
  2966 | D:5      | HP: 2/40 [orc priest/divine providence (11)]
  2968 | D:5      | Killed from afar by an orc wizard

Levels and vault maps discovered:
D:1:      minmay_arrival_plants_in_alcoves, layout_loops_corners, serial_shops,
          nicolae_shop_stone
D:2:      layout_rooms
D:3:      layout_loops_ring, grunt_temple_overflow_cloverleaf,
          ebering_ghost_rock_garden, uniq_sigmund
D:4:      kennysheep_big_flooded_room, layout_loops_ring, temple_statues,
          nicolae_concentric_dashed_squares_mild
D:5:      layout_basic, serial_shops, shop, uniq_menkaure
Temple:   zaba_magenta_temple

Skill      XL: |  1  2  3  4  5  6  7 |
---------------+----------------------+-----
Ranged Weapons | 6 9 10 11 | 11.3
Fighting       | 2 |  2.0
Dodging        | 3 4 |  4.0
Stealth        | |  1.2
Invocations    | |  0.5

Action                     |  1- 3 |  4- 6 |  7- 9 || total
---------------------------+-------+-------+-------++-------
   Fire: Shortbow          |    69 |       |       ||    69
         Sling             |    21 |       |       ||    21
         Hand cannon       |     9 |    74 |    42 ||   125
    Use: Scroll            |     5 |     3 |       ||     8
         Potion            |     1 |     2 |       ||     3
 Armour: Leather armour    |    13 |       |       ||    13
         Ring mail         |     2 |    18 |    23 ||    43
  Dodge: Dodged            |    13 |    34 |    28 ||    75

Table legend:
 A = Non-vault XP
 B = Vault XP
 C = Vault XP percentage of total XP
 D = Non-vault monster count
 E = Vault monster count
 F = Vault count percentage of total count
                 A         B        C        D         E       F
            +---------+---------+-------+---------+---------+-------
      Total |     688 |     390 |  36.2 |      95 |       4 |   4.0
            +---------+---------+-------+---------+---------+-------
        D:1 |      38 |       0 |   0.0 |      23 |       0 |   0.0
        D:2 |      41 |       0 |   0.0 |      16 |       0 |   0.0
        D:3 |      55 |     214 |  79.6 |      21 |       1 |   4.5
        D:4 |     180 |       4 |   2.2 |      11 |       2 |  15.4
        D:5 |     374 |     172 |  31.5 |      24 |       1 |   4.0
            +---------+---------+-------+---------+---------+-------
